 Dungeon Crawl Stone Soup version 0.30.1-9-gdf580d7c3d (webtiles) character file.

Game seed: 16415639532336495780

90 laschroeter the Chiller (level 4, -1/31 HPs)
             Began as a Human Ice Elementalist on Oct 5, 2023.
             Slain by an orc
             ... wielding a +0 morningstar
              (11 damage)
             ... on level 3 of the Dungeon.
             The game lasted 00:19:49 (1364 turns).

laschroeter the Chiller (Human Ice Elementalist)    Turns: 1364, Time: 00:19:50

Health: -1/31      AC:  6    Str:  8    XL:     4   Next: 85%
Magic:  6/7        EV: 10    Int: 18    God:
Gold:   57         SH:  0    Dex: 13    Spells: 6/7 levels left

rFire   . . .        q - +0 long sword
rCold   . . .        (no shield)
rNeg    . . .        j - +0 ring mail
rPois   .            (no helmet)
rElec   .            (no cloak)
rCorr   .            f - +0 pair of gloves
SInv    .            (no boots)
Will    .....        (no amulet)
Stlth   +            (no ring)
HPRegen 0.25/turn    (no ring)
MPRegen 0.10/turn

%: no passive effects
@: no status effects
A: no striking features
a: no special abilities


You were on level 3 of the Dungeon.
You visited 1 branch of the dungeon, and saw 3 of its levels.

You collected 57 gold pieces.

Inventory:

Hand Weapons
 c - a +0 war axe
 e - a +0 short sword
 q - a +0 long sword (weapon)
Missiles
 n - 13 stones
 p - 6 boomerangs
Armour
 a - a +0 robe
 d - a +0 robe
 f - a +0 pair of gloves (worn)
 j - a +0 ring mail (worn)
Jewellery
 i - a +5 ring of evasion
Scrolls
 h - 2 scrolls of fog {unknown}
 k - a scroll of blinking {unknown}
 r - a scroll of torment {unknown}
Potions
 b - 2 potions of magic
 g - 2 potions of lignification {unknown}
 l - a potion of curing {unknown}
 m - a potion of heal wounds {unknown}
 o - a potion of haste {unknown}


   Skills:
 + Level 0.5 Fighting
 + Level 1.0 Long Blades
 + Level 1.6 Axes
 + Level 1.0 Armour
 + Level 2.7 Dodging
 + Level 2.0 Stealth
 + Level 2.0 Spellcasting
 + Level 4.6 Ice Magic


You had 6 spell levels left.
You knew the following spells:

 Your Spells              Type           Power      Damage    Failure   Level
a - Freeze                Ice            72%        1d8       9%          1

Your spell library contained the following spells:

 Spells                   Type           Power      Damage    Failure   Level
 Frozen Ramparts          Ice            36%        1d6       26%         3
 Ozocubu's Armour         Ice            18%        N/A       26%         3
 Volatile Blastmotes      Fire/Tloc      2%         2d10      86%         3
 Summon Ice Beast         Ice/Summ       10%        N/A       91%         4
 Fulminant Prism          Conj/Hex       0%         3d5       99%         4
 Iskenderun's Mystic Bla  Conj/Tloc      1%         2d3       99%         4
 Lee's Rapid Deconstruct  Erth           0%         3d4*      100%        5


Dungeon Overview and Level Annotations

Branches:
Dungeon (3/15)

Altars:

Shops:
D:3 *


Message History

The adder is heavily wounded.
The orc shouts!
You hear a shout!
The adder bites you but does no damage.
An orc comes into view. It is wielding a +0 trident.
The adder bites you.
You hit the adder.
You kill the adder!
Your Long Blades skill increases to level 1!
Your Armour skill increases to level 1!
A hobgoblin comes into view.
An orc comes into view. It is wielding a +0 short sword.
Casting: Freeze (safe; 9% risk of failure)
Confirm with . or Enter, or press ? or * to list all spells.
Aiming: Freeze (safe; 9% risk of failure)
Press: ? - help, Shift-Dir - straight line, f - hobgoblin
Aim: a hobgoblin, wielding a +0 flail You freeze the hobgoblin.
The hobgoblin is almost dead.
An orc comes into view. It is wielding a +0 club.
The hobgoblin closely misses you.
You barely miss the hobgoblin.
The hobgoblin is almost dead.
The orc shouts!
The hobgoblin hits you with a +0 flail.
You slash the hobgoblin!
You kill the hobgoblin!
The orc closely misses you.
The orc hits you from afar with a +0 trident!
An orc comes into view. It is wielding a +0 morningstar.
Found a stone staircase leading down.
Found a robe.
Found a scroll labelled HUXEALI SYCAM.
The orc closely misses you.
The orc shouts!
The hobgoblin closely misses you. The hobgoblin hits you.
The orc closely misses you. The hobgoblin hits you.
The orc hits you from afar with a +0 trident.
The orc closely misses you. The orc hits you with a +0 morningstar!
You die...

..................##
...................#
...................#
##..o..............#
...................#
......)$...........#
#....†.?..........#
...(..............##
##...........o@g.######
.......∩.∩....o.......#
###.###.......#o##....#
#. #∩.∩......o.....# #
#####.#.#####...# #.#.#
...# #.>?# #### #....
#..[.


You could see 4 orcs and a hobgoblin.

Vanquished Creatures
  Robin (D:2)
  2 adders
  2 dart slugs
  4 endoplasms (D:1)
  A giant cockroach (D:1)
  8 goblins
  11 hobgoblins
  4 jackals (D:1)
  2 kobolds (D:1)
  A quokka (D:2)
  6 ball pythons
  3 bats
  4 rats
49 creatures vanquished.

Notes
Turn   | Place    | Note
-------+----------+-------------------------------------------
     0 | D:1      | laschroeter the Human Ice Elementalist began the quest for
                  | the Orb.
     0 | D:1      | Reached XP level 1. HP: 13/13 MP: 3/3
   302 | D:1      | Reached XP level 2. HP: 19/19 MP: 5/5
   724 | D:1      | Reached XP level 3. HP: 13/24 MP: 6/6
   854 | D:1      | Reached skill level 1 in Axes
  1122 | D:2      | Noticed Robin
  1130 | D:2      | Reached XP level 4. HP: 28/31 MP: 7/7
  1191 | D:2      | Killed Robin
  1319 | D:3      | Found Ytimiuwk's General Store.
  1343 | D:3      | Reached skill level 1 in Long Blades
  1343 | D:3      | Reached skill level 1 in Armour
  1364 | D:3      | Slain by an orc

Illustrated notes

Levels and vault maps discovered:
D:1:      heliophobic_arrival_glass_houses, layout_basic, nrook_mini_vaults,
          serial_bayou_pond_a
D:2:      layout_loops_ring, serial_glass, glass_columns_b, glass_columns_a,
          glass_columns_a, glass_columns_a, glass_columns_b, glass_columns_a,
          uniq_robin
D:3:      layout_rooms, serial_shops, nicolae_shop_tiny_waterfront,
          nicolae_shop_competitors_out_of_business,
          nicolae_shop_tiny_real_fake_doors, shop

Skill      XL: |  1  2  3  4 |
---------------+-------------+-----
Axes           | 1 |  1.6
Long Blades    | 1 |  1.0
Armour         | 1 |  1.0
Fighting       | |  0.5
Dodging        | |  2.7
Stealth        | |  2.0
Spellcasting   | |  2.0
Ice Magic      | |  4.6

Action                     |  1- 3 |  4- 6 || total
---------------------------+-------+-------++-------
  Melee: War axe           |    66 |       ||    66
         Punch             |     1 |       ||     1
         Long sword        |    10 |    54 ||    64
   Cast: Freeze            |     4 |     5 ||     9
   Stab: Sleeping          |     1 |       ||     1
 Armour: Robe              |    16 |       ||    16
         Ring mail         |    41 |    51 ||    92
  Dodge: Dodged            |    68 |    56 ||   124
